Avalanche vs Devils

Created - 9 février 2021 at 20:40

Goals
1 2 3 T
Avalanche 0 0 1 1
Devils 0 0 2 2
Shots
1 2 3 T
Avalanche 14 5 11 30
Devils 3 9 18 30

1st period

No Goal

Penalties :
Zack Smith (NJD) for Hooking (Minor) at 7:43, Zack Smith (NJD) for Boarding (Minor) at 10:04

2nd period

No Goal

Penalties :
Robby Fabbri (COL) for Hooking (Minor) at 12:02, Chris Kreider (NJD) for Hooking (Minor) at 13:27

3rd period

1. Avalanche , Adam Fox 6 (Andreas Athanasiou 12, Will Butcher 5) at 3:13
2. Devils , Evgeni Malkin 15 (Damon Severson 14) at 10:59
3. Devils , Damon Severson 9 (Evgeni Malkin 27, Chris Kreider 6) at 12:41

Penalties :
Jake McCabe (COL) for Interference (Minor) at 0:11, Nicklas Backstrom (NJD) for Cross-checking (Minor) at 4:52

Goalie Stats

Juuse Saros (COL), 28 saves from 30 shots - (0,933), L, 3-4-2, 60:00 minutes
Marc-Andre Fleury (NJD), 29 saves from 30 shots - (0,967), W, 16-19-4, 60:00 minutes

Players Stats for Avalanche

Player Name              G  A  P  +/- PIM S  H  SB GA TA FO     MP     PP MP  PK MP  
------------------------------------------------------------------------------------
Adam Fox                 1  0  1   0  0   2  0  0  0  0  0/0    21:15   3:47   1:15 
Andreas Athanasiou       0  1  1   0  0   4  1  0  0  0  5/12   23:55   3:37   2:40 
Andreas Johnsson         0  0  0   0  0   0  1  0  0  0  0/1     6:42   0:00   0:00 
Brad Richardson          0  0  0   0  0   2  2  0  0  0  11/24  21:27   4:19   0:44 
Casey Cizikas            0  0  0  -1  0   0  3  0  0  0  14/23  20:10   2:20   2:40 
Dominik Kubalik          0  0  0  -1  0   6  0  0  0  0  2/2    17:39   3:03   0:00 
Dylan Strome             0  0  0   0  0   1  0  0  0  0  7/9    21:09   4:19   0:44 
Frank Vatrano            0  0  0   0  0   2  1  0  0  0  0/2    11:40   0:42   0:00 
Jake McCabe              0  0  0   0  2   2  3  0  0  0  0/0    23:15   3:35   1:04 
Joakim Nordstrom         0  0  0   0  0   0  0  0  0  0  0/0     0:18   0:00   0:00 
Justin Williams          0  0  0   0  0   1  0  0  0  0  0/2    11:41   0:43   0:00 
Michael Anderson         0  0  0  -1  0   0  0  1  0  0  0/0    15:29   0:00   1:05 
Nicolas Roy              0  0  0   0  0   2  4  0  0  0  7/15   17:00   0:00   0:00 
Noah Juulsen             0  0  0  -1  0   0  2  3  0  0  0/0    14:24   0:00   0:00 
Robby Fabbri             0  0  0  -1  2   3  0  0  0  0  1/1    17:38   3:03   0:00 
Ryan Dzingel             0  0  0   0  0   1  0  0  0  0  0/0     6:42   0:00   0:00 
Shayne Gostisbehere      0  0  0   0  0   4  0  3  0  0  0/0    24:33   3:35   2:21 
Will Butcher             0  1  1   0  0   0  0  1  0  0  0/0    21:03   3:47   1:03 

Players Stats for Devils

Player Name              G  A  P  +/- PIM S  H  SB GA TA FO     MP     PP MP  PK MP  
------------------------------------------------------------------------------------
Brian Boyle              0  0  0   0  0   0  0  0  0  0  2/2    15:35   0:00   0:41 
Cale Makar               0  0  0  -1  0   0  1  1  0  0  0/0    19:07   1:26   2:55 
Chris Kreider            0  1  1   2  2   4  2  0  0  0  0/0    21:15   2:06   2:36 
Dakota Mermis            0  0  0   0  0   0  0  0  0  0  0/0     0:00   0:00   0:00 
Damon Severson           1  1  2   2  0   3  3  0  0  0  0/0    24:56   1:58   4:27 
Evgeni Malkin            1  1  2   2  0   6  1  0  0  0  20/38  23:37   2:07   4:23 
Jordie Benn              0  0  0   0  0   0  0  0  0  0  0/0     5:32   0:00   0:00 
Justin Schultz           0  0  0   0  0   0  1  1  0  0  0/0    10:25   0:00   0:00 
Mike Hoffman             0  0  0  -1  0   1  0  0  0  0  0/1    18:30   1:17   0:00 
Mikhail Sergachev        0  0  0  -1  0   1  2  0  0  0  0/0    19:07   1:26   2:55 
Nathan Beaulieu          0  0  0   0  0   0  0  0  0  0  0/0     5:32   0:00   0:00 
Nicklas Backstrom        0  0  0  -1  2   5  0  0  0  0  14/27  21:56   1:17   2:53 
Niklas Hjalmarsson       0  0  0   0  0   0  0  0  0  0  0/0    10:25   0:00   0:00 
Ryan Suter               0  0  0   2  0   0  1  1  0  0  0/0    24:56   1:58   4:27 
Sam Reinhart             0  0  0   0  0   3  0  0  0  0  6/15   14:54   0:00   0:00 
T.J. Oshie               0  0  0   2  0   2  0  0  0  0  2/5    20:36   2:07   1:56 
Travis Konecny           0  0  0  -1  0   3  7  0  0  0  0/3    20:45   1:17   2:15 
Zack Smith               0  0  0   0  4   2  3  0  0  0  0/0    14:52   0:00   0:00 

3 Stars

1 - Damon Severson (NJD)
2 - Evgeni Malkin (NJD)
3 - Marc-Andre Fleury (NJD)

Power Play

Avalanche - 0 on 4 Attempt(s) - 0,00%
Devils - 0 on 2 Attempt(s) - 0,00%

Penalty Kill

Avalanche - 2 on 2 Attempt(s) - 100,00% - Score 0 goal in Penalty Kill
Devils - 4 on 4 Attempt(s) - 100,00% - Score 0 goal in Penalty Kill

Team Stat

Avalanche - Hits : 17 - Faceoff Wins : 47 - Blocked Shots : 8 - Penalty Minutes : 4
Devils - Hits : 21 - Faceoff Wins : 44 - Blocked Shots : 3 - Penalty Minutes : 8

Official

Referees : Sean MacFarlane and Brad Meier
Linesman : Steven Berry and Kyle Allen

Game Notes

No Game Note

Finance

Level 1 -- Attendance: 5962 (99,37%) -- Ticket Income 667 744 $
Level 2 -- Attendance: 4613 (92,26%) -- Ticket Income 373 653 $
Level 3 -- Attendance: 2000 (100,00%) -- Ticket Income 160 000 $
Level 4 -- Attendance: 3093 (85,32%) -- Ticket Income 46 395 $
Luxury Box -- Attendance: 979 (97,90%) -- Ticket Income 190 905 $
Game was played at the Prudential Center.
Total Attendance: 16647 (94,45%)
Total Ticket Income: 1 438 697 $
Other Income: 704 962 $
Total Income: 2 143 659 $

% Time on Ice - Avalanche

Lines # - Real PCT - Wanted PCT - Time Play
Normal Forward
1 - 33% - 40% - 16:06
2 - 30% - 30% - 14:36
3 - 23% - 20% - 10:58
4 - 14% - 10% - 6:42
Normal Defense
1 - 36% - 40% - 17:19
2 - 34% - 30% - 16:13
3 - 30% - 20% - 14:24
4 - 1% - 10% - 0:26
PP Forward
1 - 59% - 60% - 4:19
2 - 41% - 40% - 3:03
PP Defense
1 - 49% - 60% - 3:35
2 - 51% - 40% - 3:47
PK Forward
1 - 78% - 60% - 2:40
2 - 22% - 40% - 0:44
PK Defense
1 - 69% - 60% - 2:21
2 - 31% - 40% - 1:03
PK3 Forward
1 - 0% - 60%
2 - 0% - 40%
PK3 Defense
1 - 0% - 60%
2 - 0% - 40%
44 Forward
1 - 100% - 60% - 0:34
2 - 0% - 40% - 0:00
44 Defense
1 - 100% - 60% - 0:34
2 - 0% - 40% - 0:00
Last Minute Offensive  - 0:18
Last Minute Defensive  - 0:00
Total
Forward - 60:00
Defense - 60:00

% Time on Ice - Devils

Lines # - Real PCT - Wanted PCT - Time Play
Normal Forward
1 - 34% - 40% - 16:26
2 - 35% - 30% - 17:13
3 - 31% - 20% - 14:54
4 - 0% - 10% - 0:00
Normal Defense
1 - 38% - 40% - 18:24
2 - 29% - 30% - 14:12
3 - 21% - 20% - 10:25
4 - 11% - 10% - 5:32
PP Forward
1 - 62% - 60% - 2:07
2 - 38% - 40% - 1:17
PP Defense
1 - 58% - 60% - 1:58
2 - 42% - 40% - 1:26
PK Forward
1 - 74% - 60% - 5:26
2 - 26% - 40% - 1:56
PK Defense
1 - 60% - 60% - 4:27
2 - 40% - 40% - 2:55
PK3 Forward
1 - 0% - 60%
2 - 0% - 40%
PK3 Defense
1 - 0% - 60%
2 - 0% - 40%
44 Forward
1 - 100% - 60% - 0:34
2 - 0% - 40% - 0:00
44 Defense
1 - 0% - 60% - 0:00
2 - 100% - 40% - 0:34
Last Minute Offensive  - 0:00
Last Minute Defensive  - 0:07
Total
Forward - 60:00
Defense - 60:00

Play-by-Play

1st period


0:01 of 1st period - Brad Richardson wins face-off versus Evgeni Malkin in neutral zone.
0:10 of 1st period - Icing by Ryan Suter.
0:11 of 1st period - Casey Cizikas wins face-off versus Evgeni Malkin in Devils zone.
0:11 of 1st period - Adam Fox is hit by Damon Severson and loses puck.
0:20 of 1st period - Shot by T.J. Oshie.
0:20 of 1st period - Shot Misses the Net.
0:22 of 1st period - Shot by Chris Kreider.
0:22 of 1st period - Stopped by Juuse Saros without a rebound.
0:23 of 1st period - Nicolas Roy wins face-off versus Nicklas Backstrom in Avalanche zone.
1:03 of 1st period - Off-side.
1:04 of 1st period - Brad Richardson wins face-off versus Sam Reinhart in neutral zone.
1:35 of 1st period - Zack Smith is hit by Jake McCabe and loses puck.
2:17 of 1st period - Shot by Dominik Kubalik.
2:17 of 1st period - Stopped by Marc-Andre Fleury without a rebound.
2:18 of 1st period - Nicklas Backstrom wins face-off versus Nicolas Roy in Devils zone.
2:51 of 1st period - Shot by Travis Konecny.
2:51 of 1st period - Shot Misses the Net.
3:29 of 1st period - Shayne Gostisbehere is hit by Ryan Suter and loses puck.
3:46 of 1st period - Shot by Evgeni Malkin.
3:46 of 1st period - Shot Misses the Net.
3:53 of 1st period - Icing by Shayne Gostisbehere.
3:54 of 1st period - Sam Reinhart wins face-off versus Brad Richardson in Avalanche zone.
4:23 of 1st period - Off-side.
4:24 of 1st period - Nicklas Backstrom wins face-off versus Nicolas Roy in neutral zone.
4:52 of 1st period - Shot by Frank Vatrano.
4:52 of 1st period - Stopped by Marc-Andre Fleury with a rebound.
5:24 of 1st period - Shot by Dominik Kubalik.
5:24 of 1st period - Stopped by Marc-Andre Fleury with a rebound.
5:35 of 1st period - Icing by Travis Konecny.
5:36 of 1st period - Nicklas Backstrom wins face-off versus Andreas Athanasiou in Devils zone.
5:58 of 1st period - Shot by Andreas Athanasiou.
5:58 of 1st period - Shot Blocked by Justin Schultz.
6:01 of 1st period - Icing by Justin Schultz.
6:02 of 1st period - Nicklas Backstrom wins face-off versus Casey Cizikas in Devils zone.
6:17 of 1st period - Icing by Nicklas Backstrom.
6:18 of 1st period - Brad Richardson wins face-off versus Nicklas Backstrom in Devils zone.
6:35 of 1st period - Ryan Suter is hit by Brad Richardson and loses puck.
7:05 of 1st period - Shot by Evgeni Malkin.
7:05 of 1st period - Stopped by Juuse Saros without a rebound.
7:06 of 1st period - Casey Cizikas wins face-off versus Sam Reinhart in Avalanche zone.
7:19 of 1st period - Shot by Dominik Kubalik.
7:19 of 1st period - Shot Blocked by Cale Makar.
7:26 of 1st period - Robby Fabbri is hit by Mikhail Sergachev and loses puck.
7:32 of 1st period - Icing by Cale Makar.
7:33 of 1st period - Sam Reinhart wins face-off versus Frank Vatrano in Devils zone.
7:33 of 1st period - Sam Reinhart is hit by Nicolas Roy.
7:43 of 1st period - Minor Penalty to Zack Smith for Hooking.
7:44 of 1st period - Casey Cizikas wins face-off versus Evgeni Malkin in Devils zone.
7:53 of 1st period - Shot by Shayne Gostisbehere.
7:53 of 1st period - Stopped by Marc-Andre Fleury without a rebound.
7:54 of 1st period - Dylan Strome wins face-off versus Evgeni Malkin in Devils zone.
7:55 of 1st period - Shot by Andreas Athanasiou.
7:55 of 1st period - Shot Misses the Net.
8:23 of 1st period - Shot by Adam Fox.
8:23 of 1st period - Deflect By Dylan Strome.
8:23 of 1st period - Stopped by Marc-Andre Fleury without a rebound.
8:24 of 1st period - Evgeni Malkin wins face-off versus Casey Cizikas in Devils zone.
8:24 of 1st period - Nicklas Backstrom is hit by Casey Cizikas and loses puck.
8:29 of 1st period - Shot by Shayne Gostisbehere.
8:29 of 1st period - Stopped by Marc-Andre Fleury without a rebound.
8:30 of 1st period - Casey Cizikas wins face-off versus Evgeni Malkin in Devils zone.
8:41 of 1st period - Shot by Casey Cizikas.
8:41 of 1st period - Shot Misses the Net.
8:50 of 1st period - Shot by Jake McCabe.
8:50 of 1st period - Stopped by Marc-Andre Fleury without a rebound.
8:51 of 1st period - Dylan Strome wins face-off versus T.J. Oshie in Devils zone.
10:04 of 1st period - Minor Penalty to Zack Smith for Boarding.
10:05 of 1st period - Casey Cizikas wins face-off versus T.J. Oshie in Devils zone.
10:06 of 1st period - Shot by Jake McCabe.
10:06 of 1st period - Stopped by Marc-Andre Fleury without a rebound.
10:07 of 1st period - Casey Cizikas wins face-off versus Evgeni Malkin in Devils zone.
10:18 of 1st period - Shot by Jake McCabe.
10:18 of 1st period - Shot Misses the Net.
10:24 of 1st period - Shot by Robby Fabbri.
10:24 of 1st period - Stopped by Marc-Andre Fleury without a rebound.
10:25 of 1st period - T.J. Oshie wins face-off versus Dylan Strome in Devils zone.
10:37 of 1st period - Off-side.
10:38 of 1st period - Evgeni Malkin wins face-off versus Casey Cizikas in neutral zone.
11:31 of 1st period - Shot by Nicklas Backstrom.
11:31 of 1st period - Shot Hit the Post.
12:56 of 1st period - Icing by Niklas Hjalmarsson.
12:57 of 1st period - Casey Cizikas wins face-off versus Nicklas Backstrom in Devils zone.
13:00 of 1st period - Shot by Dominik Kubalik.
13:00 of 1st period - Stopped by Marc-Andre Fleury with a rebound.
13:06 of 1st period - Casey Cizikas is hit by Travis Konecny and loses puck.
13:27 of 1st period - Shot by Travis Konecny.
13:27 of 1st period - Shot Misses the Net.
15:39 of 1st period - Shot by Ryan Dzingel.
15:39 of 1st period - Stopped by Marc-Andre Fleury without a rebound.
15:40 of 1st period - T.J. Oshie wins face-off versus Nicolas Roy in Devils zone.
16:10 of 1st period - Justin Williams is hit by Evgeni Malkin.
16:30 of 1st period - Noah Juulsen is hit by Travis Konecny and loses puck.
16:51 of 1st period - Icing by Noah Juulsen.
16:52 of 1st period - Brad Richardson wins face-off versus Mike Hoffman in Avalanche zone.
17:00 of 1st period - Icing by Brad Richardson.
17:01 of 1st period - Brad Richardson wins face-off versus Evgeni Malkin in Avalanche zone.
17:03 of 1st period - Icing by Andreas Athanasiou.
17:04 of 1st period - Brad Richardson wins face-off versus Evgeni Malkin in Avalanche zone.
17:09 of 1st period - Shot by Andreas Athanasiou.
17:09 of 1st period - Stopped by Marc-Andre Fleury without a rebound.
17:10 of 1st period - Nicklas Backstrom wins face-off versus Casey Cizikas in Devils zone.
17:31 of 1st period - Shot by Nicklas Backstrom.
17:31 of 1st period - Stopped by Juuse Saros without a rebound.
17:32 of 1st period - Evgeni Malkin wins face-off versus Andreas Johnsson in Avalanche zone.
17:43 of 1st period - Nicolas Roy is hit by Chris Kreider and loses puck.
18:27 of 1st period - Dylan Strome is hit by Cale Makar and loses puck.
18:31 of 1st period - Brad Richardson is hit by Mikhail Sergachev and loses puck.
18:40 of 1st period - Shot by Andreas Athanasiou.
18:40 of 1st period - Stopped by Marc-Andre Fleury without a rebound.
18:41 of 1st period - Dominik Kubalik wins face-off versus Nicklas Backstrom in Devils zone.
18:42 of 1st period - Shot by Casey Cizikas.
18:42 of 1st period - Deflect By Dominik Kubalik.
18:42 of 1st period - Stopped by Marc-Andre Fleury without a rebound.
18:43 of 1st period - Casey Cizikas wins face-off versus Travis Konecny in Devils zone.
19:31 of 1st period - Icing by Ryan Suter.
19:32 of 1st period - Brad Richardson wins face-off versus Nicklas Backstrom in Devils zone.
19:42 of 1st period - Damon Severson is hit by Brad Richardson and loses puck.
19:53 of 1st period - Brad Richardson is hit by Travis Konecny and loses puck.
Goals for this period are 0 for Avalanche vs 0 for Devils.
Shots for this period are 14 for Avalanche vs 3 for Devils.

2nd period


0:01 of 2nd period - Brad Richardson wins face-off versus T.J. Oshie in neutral zone.
0:17 of 2nd period - Icing by Jake McCabe.
0:18 of 2nd period - Sam Reinhart wins face-off versus Brad Richardson in Avalanche zone.
1:13 of 2nd period - Icing by Dylan Strome.
1:14 of 2nd period - Evgeni Malkin wins face-off versus Brad Richardson in Avalanche zone.
1:19 of 2nd period - Shot by Chris Kreider.
1:19 of 2nd period - Shot Misses the Net.
1:55 of 2nd period - Shot by Dominik Kubalik.
1:55 of 2nd period - Stopped by Marc-Andre Fleury with a rebound.
1:57 of 2nd period - Shot by Dominik Kubalik.
1:57 of 2nd period - Shot Misses the Net.
2:26 of 2nd period - Icing by Will Butcher.
2:27 of 2nd period - Casey Cizikas wins face-off versus Nicklas Backstrom in Avalanche zone.
2:27 of 2nd period - Casey Cizikas is hit by Travis Konecny.
2:30 of 2nd period - Adam Fox is hit by Travis Konecny.
2:31 of 2nd period - Off-side.
2:32 of 2nd period - Nicklas Backstrom wins face-off versus Nicolas Roy in neutral zone.
2:37 of 2nd period - Icing by Noah Juulsen.
2:38 of 2nd period - Nicolas Roy wins face-off versus Nicklas Backstrom in Avalanche zone.
2:51 of 2nd period - Shot by Frank Vatrano.
2:51 of 2nd period - Deflect By Nicolas Roy.
2:51 of 2nd period - Stopped by Marc-Andre Fleury with a rebound.
2:58 of 2nd period - Travis Konecny is hit by Noah Juulsen and loses puck.
3:07 of 2nd period - Shot by Nicklas Backstrom.
3:07 of 2nd period - Shot Misses the Net.
3:09 of 2nd period - Shot by Mikhail Sergachev.
3:09 of 2nd period - Shot Blocked by Michael Anderson.
3:32 of 2nd period - Off-side.
3:33 of 2nd period - Sam Reinhart wins face-off versus Brad Richardson in neutral zone.
4:34 of 2nd period - Shot by Robby Fabbri.
4:34 of 2nd period - Stopped by Marc-Andre Fleury without a rebound.
4:35 of 2nd period - Evgeni Malkin wins face-off versus Nicolas Roy in Devils zone.
4:48 of 2nd period - Shot by Evgeni Malkin.
4:48 of 2nd period - Shot Misses the Net.
4:50 of 2nd period - Shot by T.J. Oshie.
4:50 of 2nd period - Shot Misses the Net.
4:58 of 2nd period - Shot by Evgeni Malkin.
4:58 of 2nd period - Stopped by Juuse Saros without a rebound.
4:59 of 2nd period - Robby Fabbri wins face-off versus Nicklas Backstrom in Avalanche zone.
5:35 of 2nd period - Shot by Mike Hoffman.
5:35 of 2nd period - Shot Blocked by Noah Juulsen.
5:37 of 2nd period - Shot by Nicklas Backstrom.
5:37 of 2nd period - Deflect By Travis Konecny.
5:37 of 2nd period - Shot Blocked by Noah Juulsen.
5:39 of 2nd period - Shot by Justin Schultz.
5:39 of 2nd period - Shot Blocked by Noah Juulsen.
5:57 of 2nd period - Shot by Evgeni Malkin.
5:57 of 2nd period - Stopped by Juuse Saros without a rebound.
5:58 of 2nd period - Brad Richardson wins face-off versus Sam Reinhart in Avalanche zone.
6:12 of 2nd period - Cale Makar is hit by Andreas Athanasiou and loses puck.
6:29 of 2nd period - Shot by Sam Reinhart.
6:29 of 2nd period - Stopped by Juuse Saros without a rebound.
6:30 of 2nd period - Evgeni Malkin wins face-off versus Nicolas Roy in Avalanche zone.
7:04 of 2nd period - Shot by Frank Vatrano.
7:04 of 2nd period - Stopped by Marc-Andre Fleury without a rebound.
7:05 of 2nd period - Nicklas Backstrom wins face-off versus Casey Cizikas in Devils zone.
7:05 of 2nd period - Nicklas Backstrom is hit by Casey Cizikas.
7:23 of 2nd period - Shot by Travis Konecny.
7:23 of 2nd period - Stopped by Juuse Saros with a rebound.
7:29 of 2nd period - Shot by Cale Makar.
7:29 of 2nd period - Shot Misses the Net.
7:35 of 2nd period - Shot by Nicklas Backstrom.
7:35 of 2nd period - Stopped by Juuse Saros without a rebound.
7:36 of 2nd period - Brian Boyle wins face-off versus Brad Richardson in Avalanche zone.
7:49 of 2nd period - Shot by Sam Reinhart.
7:49 of 2nd period - Stopped by Juuse Saros without a rebound.
7:50 of 2nd period - Evgeni Malkin wins face-off versus Frank Vatrano in Avalanche zone.
8:28 of 2nd period - Icing by Adam Fox.
8:29 of 2nd period - Nicklas Backstrom wins face-off versus Justin Williams in Avalanche zone.
8:57 of 2nd period - Shot by Travis Konecny.
8:57 of 2nd period - Deflect By Mike Hoffman.
8:57 of 2nd period - Shot Blocked by Shayne Gostisbehere.
9:05 of 2nd period - Icing by Damon Severson.
9:06 of 2nd period - Casey Cizikas wins face-off versus Nicklas Backstrom in Devils zone.
10:02 of 2nd period - Icing by Andreas Athanasiou.
10:03 of 2nd period - Sam Reinhart wins face-off versus Dylan Strome in Avalanche zone.
10:30 of 2nd period - Shot by Brad Richardson.
10:30 of 2nd period - Shot Misses the Net.
10:45 of 2nd period - Will Butcher is hit by Zack Smith and loses puck.
11:36 of 2nd period - Shot by Travis Konecny.
11:36 of 2nd period - Shot Misses the Net.
12:02 of 2nd period - Minor Penalty to Robby Fabbri for Hooking.
12:03 of 2nd period - Evgeni Malkin wins face-off versus Andreas Athanasiou in Avalanche zone.
12:14 of 2nd period - Shot by Evgeni Malkin.
12:14 of 2nd period - Stopped by Juuse Saros without a rebound.
12:15 of 2nd period - Evgeni Malkin wins face-off versus Andreas Athanasiou in Avalanche zone.
12:42 of 2nd period - Shot by Evgeni Malkin.
12:42 of 2nd period - Stopped by Juuse Saros without a rebound.
12:43 of 2nd period - Andreas Athanasiou wins face-off versus Travis Konecny in Avalanche zone.
12:49 of 2nd period - Icing by Ryan Suter.
12:50 of 2nd period - Andreas Athanasiou wins face-off versus Nicklas Backstrom in Devils zone.
12:51 of 2nd period - Shot by Casey Cizikas.
12:51 of 2nd period - Shot Misses the Net.
12:59 of 2nd period - Shot by Travis Konecny.
12:59 of 2nd period - Stopped by Juuse Saros without a rebound.
13:00 of 2nd period - Andreas Athanasiou wins face-off versus Evgeni Malkin in Avalanche zone.
13:00 of 2nd period - Andreas Athanasiou is hit by Chris Kreider.
13:27 of 2nd period - Minor Penalty to Chris Kreider for Hooking.
13:28 of 2nd period - Andreas Athanasiou wins face-off versus Evgeni Malkin in Devils zone.
14:55 of 2nd period - Shot by Shayne Gostisbehere.
14:55 of 2nd period - Stopped by Marc-Andre Fleury with a rebound.
15:22 of 2nd period - Icing by Justin Williams.
15:23 of 2nd period - Evgeni Malkin wins face-off versus Justin Williams in Avalanche zone.
15:39 of 2nd period - Nathan Beaulieu is hit by Nicolas Roy and loses puck.
16:03 of 2nd period - Zack Smith is hit by Nicolas Roy and loses puck.
16:33 of 2nd period - Shot by T.J. Oshie.
16:33 of 2nd period - Shot Misses the Net.
17:51 of 2nd period - Icing by Shayne Gostisbehere.
17:52 of 2nd period - Casey Cizikas wins face-off versus Sam Reinhart in Avalanche zone.
18:49 of 2nd period - Adam Fox is hit by Zack Smith.
Goals for this period are 0 for Avalanche vs 0 for Devils.
Shots for this period are 5 for Avalanche vs 9 for Devils.

3rd period


0:01 of 3rd period - Brad Richardson wins face-off versus Evgeni Malkin in neutral zone.
0:03 of 3rd period - Andreas Athanasiou is hit by Damon Severson and loses puck.
0:09 of 3rd period - Evgeni Malkin is hit by Jake McCabe and loses puck.
0:11 of 3rd period - Minor Penalty to Jake McCabe for Interference.
0:12 of 3rd period - Nicklas Backstrom wins face-off versus Andreas Athanasiou in Avalanche zone.
0:15 of 3rd period - Shot by Nicklas Backstrom.
0:15 of 3rd period - Shot Misses the Net.
0:17 of 3rd period - Shot by Ryan Suter.
0:17 of 3rd period - Shot Misses the Net.
0:19 of 3rd period - Shot by Ryan Suter.
0:19 of 3rd period - Deflect By Nicklas Backstrom.
0:19 of 3rd period - Shot Misses the Net.
0:27 of 3rd period - Shot by Nicklas Backstrom.
0:27 of 3rd period - Stopped by Juuse Saros without a rebound.
0:28 of 3rd period - Evgeni Malkin wins face-off versus Andreas Athanasiou in Avalanche zone.
0:29 of 3rd period - Shot by Chris Kreider.
0:29 of 3rd period - Stopped by Juuse Saros without a rebound.
0:30 of 3rd period - Evgeni Malkin wins face-off versus Andreas Athanasiou in Avalanche zone.
0:31 of 3rd period - Shot by Ryan Suter.
0:31 of 3rd period - Shot Misses the Net.
0:33 of 3rd period - Shot by Damon Severson.
0:33 of 3rd period - Shot Misses the Net.
0:35 of 3rd period - Shot by Chris Kreider.
0:35 of 3rd period - Shot Misses the Net.
1:04 of 3rd period - Icing by Ryan Suter.
1:05 of 3rd period - Andreas Athanasiou wins face-off versus Evgeni Malkin in Devils zone.
1:50 of 3rd period - Shot by Mikhail Sergachev.
1:50 of 3rd period - Shot Blocked by Shayne Gostisbehere.
1:52 of 3rd period - Shot by Mikhail Sergachev.
1:52 of 3rd period - Stopped by Juuse Saros without a rebound.
1:53 of 3rd period - Nicklas Backstrom wins face-off versus Andreas Athanasiou in Avalanche zone.
2:34 of 3rd period - Shot by Nicolas Roy.
2:34 of 3rd period - Stopped by Marc-Andre Fleury without a rebound.
2:35 of 3rd period - Evgeni Malkin wins face-off versus Brad Richardson in Devils zone.
3:01 of 3rd period - Icing by Brad Richardson.
3:02 of 3rd period - Nicklas Backstrom wins face-off versus Brad Richardson in Avalanche zone.
3:07 of 3rd period - Shot by Nicklas Backstrom.
3:07 of 3rd period - Stopped by Juuse Saros with a rebound.
3:13 of 3rd period - Shot by Adam Fox.
3:13 of 3rd period - Goal by Adam Fox - Avalanche : 1 - Devils : 0.
3:14 of 3rd period - Dominik Kubalik wins face-off versus Sam Reinhart in neutral zone.
3:53 of 3rd period - Icing by Shayne Gostisbehere.
3:54 of 3rd period - Evgeni Malkin wins face-off versus Casey Cizikas in Avalanche zone.
3:55 of 3rd period - Shot by T.J. Oshie.
3:55 of 3rd period - Stopped by Juuse Saros without a rebound.
3:56 of 3rd period - Nicolas Roy wins face-off versus Evgeni Malkin in Avalanche zone.
4:06 of 3rd period - Shot by Nicolas Roy.
4:06 of 3rd period - Shot Misses the Net.
4:45 of 3rd period - Frank Vatrano is hit by Damon Severson.
4:52 of 3rd period - Minor Penalty to Nicklas Backstrom for Cross-checking.
4:53 of 3rd period - Dylan Strome wins face-off versus Evgeni Malkin in Devils zone.
4:58 of 3rd period - Shot by Andreas Athanasiou.
4:58 of 3rd period - Stopped by Marc-Andre Fleury without a rebound.
4:59 of 3rd period - Dylan Strome wins face-off versus Evgeni Malkin in Devils zone.
5:21 of 3rd period - Icing by Jake McCabe.
5:22 of 3rd period - Dylan Strome wins face-off versus Evgeni Malkin in Avalanche zone.
5:37 of 3rd period - Shot by Brad Richardson.
5:37 of 3rd period - Shot Misses the Net.
5:39 of 3rd period - Shot by Brad Richardson.
5:39 of 3rd period - Stopped by Marc-Andre Fleury without a rebound.
5:40 of 3rd period - Brian Boyle wins face-off versus Casey Cizikas in Devils zone.
5:40 of 3rd period - Brian Boyle is hit by Casey Cizikas.
5:54 of 3rd period - Shot by Will Butcher.
5:54 of 3rd period - Deflect By Dominik Kubalik.
5:54 of 3rd period - Stopped by Marc-Andre Fleury without a rebound.
5:55 of 3rd period - Evgeni Malkin wins face-off versus Casey Cizikas in Devils zone.
6:16 of 3rd period - Shot by Robby Fabbri.
6:16 of 3rd period - Stopped by Marc-Andre Fleury without a rebound.
6:17 of 3rd period - Dylan Strome wins face-off versus Evgeni Malkin in Devils zone.
6:24 of 3rd period - Shot by Adam Fox.
6:24 of 3rd period - Stopped by Marc-Andre Fleury without a rebound.
6:25 of 3rd period - Dylan Strome wins face-off versus Travis Konecny in Devils zone.
7:07 of 3rd period - Shot by Sam Reinhart.
7:07 of 3rd period - Stopped by Juuse Saros without a rebound.
7:08 of 3rd period - Nicklas Backstrom wins face-off versus Nicolas Roy in Avalanche zone.
7:12 of 3rd period - Nicklas Backstrom is hit by Noah Juulsen.
7:21 of 3rd period - Noah Juulsen is hit by Travis Konecny and loses puck.
7:32 of 3rd period - Shot by Frank Vatrano.
7:32 of 3rd period - Deflect By Justin Williams.
7:32 of 3rd period - Shot Misses the Net.
8:05 of 3rd period - Icing by Shayne Gostisbehere.
8:06 of 3rd period - Evgeni Malkin wins face-off versus Brad Richardson in Avalanche zone.
8:06 of 3rd period - Damon Severson is hit by Jake McCabe and loses puck.
8:10 of 3rd period - Icing by Shayne Gostisbehere.
8:11 of 3rd period - Evgeni Malkin wins face-off versus Brad Richardson in Avalanche zone.
8:26 of 3rd period - Shot by Chris Kreider.
8:26 of 3rd period - Stopped by Juuse Saros without a rebound.
8:27 of 3rd period - Casey Cizikas wins face-off versus Sam Reinhart in Avalanche zone.
8:27 of 3rd period - Casey Cizikas is hit by Zack Smith.
8:51 of 3rd period - Shot by Casey Cizikas.
8:51 of 3rd period - Shot Misses the Net.
8:59 of 3rd period - Shot by Dominik Kubalik.
8:59 of 3rd period - Shot Misses the Net.
9:25 of 3rd period - Shot by Chris Kreider.
9:25 of 3rd period - Shot Misses the Net.
9:40 of 3rd period - Shot by Chris Kreider.
9:40 of 3rd period - Shot Blocked by Will Butcher.
9:42 of 3rd period - Shot by Damon Severson.
9:42 of 3rd period - Stopped by Juuse Saros with a rebound.
9:48 of 3rd period - Shot by Damon Severson.
9:48 of 3rd period - Deflect By T.J. Oshie.
9:48 of 3rd period - Stopped by Juuse Saros without a rebound.
9:49 of 3rd period - Nicklas Backstrom wins face-off versus Brad Richardson in Avalanche zone.
9:58 of 3rd period - Shot by Mike Hoffman.
9:58 of 3rd period - Stopped by Juuse Saros without a rebound.
9:59 of 3rd period - Nicolas Roy wins face-off versus Nicklas Backstrom in Avalanche zone.
10:24 of 3rd period - Nathan Beaulieu is hit by Frank Vatrano.
10:59 of 3rd period - Shot by Evgeni Malkin.
10:59 of 3rd period - Goal by Evgeni Malkin - Avalanche : 1 - Devils : 1.
11:00 of 3rd period - Evgeni Malkin wins face-off versus Brad Richardson in neutral zone.
11:13 of 3rd period - Shot by Chris Kreider.
11:13 of 3rd period - Stopped by Juuse Saros with a rebound.
11:15 of 3rd period - Shot by T.J. Oshie.
11:15 of 3rd period - Shot Misses the Net.
11:37 of 3rd period - Shot by Evgeni Malkin.
11:37 of 3rd period - Shot Misses the Net.
11:39 of 3rd period - Shot by Damon Severson.
11:39 of 3rd period - Stopped by Juuse Saros without a rebound.
11:40 of 3rd period - Nicolas Roy wins face-off versus Sam Reinhart in Avalanche zone.
11:51 of 3rd period - Icing by Ryan Dzingel.
11:52 of 3rd period - Nicolas Roy wins face-off versus Sam Reinhart in Avalanche zone.
12:29 of 3rd period - Shot by Sam Reinhart.
12:29 of 3rd period - Deflect By Zack Smith.
12:29 of 3rd period - Stopped by Juuse Saros without a rebound.
12:30 of 3rd period - Evgeni Malkin wins face-off versus Casey Cizikas in Avalanche zone.
12:39 of 3rd period - Shot by Evgeni Malkin.
12:39 of 3rd period - Shot Misses the Net.
12:41 of 3rd period - Shot by Damon Severson.
12:41 of 3rd period - Goal by Damon Severson - Avalanche : 1 - Devils : 2.
12:42 of 3rd period - Nicklas Backstrom wins face-off versus Brad Richardson in neutral zone.
13:05 of 3rd period - Shot by Travis Konecny.
13:05 of 3rd period - Stopped by Juuse Saros without a rebound.
13:06 of 3rd period - Casey Cizikas wins face-off versus Evgeni Malkin in Avalanche zone.
13:43 of 3rd period - Shot by Robby Fabbri.
13:43 of 3rd period - Shot Misses the Net.
13:50 of 3rd period - Icing by Ryan Suter.
13:51 of 3rd period - Evgeni Malkin wins face-off versus Brad Richardson in Devils zone.
14:15 of 3rd period - Shot by Nicklas Backstrom.
14:15 of 3rd period - Shot Blocked by Shayne Gostisbehere.
14:21 of 3rd period - Shot by Nicklas Backstrom.
14:21 of 3rd period - Stopped by Juuse Saros without a rebound.
14:22 of 3rd period - Sam Reinhart wins face-off versus Nicolas Roy in Avalanche zone.
14:33 of 3rd period - Shot by Zack Smith.
14:33 of 3rd period - Stopped by Juuse Saros without a rebound.
14:34 of 3rd period - Casey Cizikas wins face-off versus Nicklas Backstrom in Avalanche zone.
15:03 of 3rd period - Shot by Casey Cizikas.
15:03 of 3rd period - Shot Misses the Net.
15:05 of 3rd period - Shot by Dominik Kubalik.
15:05 of 3rd period - Shot Misses the Net.
15:55 of 3rd period - Shot by Evgeni Malkin.
15:55 of 3rd period - Shot Misses the Net.
16:21 of 3rd period - Ryan Suter is hit by Nicolas Roy and loses puck.
16:32 of 3rd period - Shot by Justin Williams.
16:32 of 3rd period - Stopped by Marc-Andre Fleury without a rebound.
16:33 of 3rd period - Nicolas Roy wins face-off versus Sam Reinhart in Devils zone.
16:33 of 3rd period - Andreas Johnsson is hit by Justin Schultz and loses puck.
16:51 of 3rd period - Shot by Andreas Johnsson.
16:51 of 3rd period - Shot Misses the Net.
16:59 of 3rd period - Zack Smith is hit by Andreas Johnsson and loses puck.
17:36 of 3rd period - Shot by Robby Fabbri.
17:36 of 3rd period - Shot Misses the Net.
17:56 of 3rd period - Shot by Andreas Athanasiou.
17:56 of 3rd period - Stopped by Marc-Andre Fleury with a rebound.
18:02 of 3rd period - Shot by Brad Richardson.
18:02 of 3rd period - Stopped by Marc-Andre Fleury without a rebound.
18:03 of 3rd period - Brad Richardson wins face-off versus Nicklas Backstrom in Devils zone.
18:04 of 3rd period - Shot by Shayne Gostisbehere.
18:04 of 3rd period - Stopped by Marc-Andre Fleury with a rebound.
18:20 of 3rd period - Shot by Dylan Strome.
18:20 of 3rd period - Shot Blocked by Ryan Suter.
18:34 of 3rd period - Dylan Strome is hit by Travis Konecny and loses puck.
Goals for this period are 1 for Avalanche vs 2 for Devils.
Shots for this period are 11 for Avalanche vs 18 for Devils.